 Dungeon Crawl Stone Soup version 0.23.2 (webtiles) character file.

Game seed: 6878403652880544701

0 Norn the Ruffian (level 1, -5/16 HPs)
             Began as a Draconian Transmuter on Apr 9, 2019.
             Slain by a gnoll
             ... wielding a +0 spear
              (6 damage)
             ... on level 1 of the Dungeon.
             The game lasted 00:00:23 (50 turns).

Norn the Ruffian (Draconian Transmuter)               Turns: 50, Time: 00:00:24

Health: -5/16      AC:  4    Str: 12    XL:     1   Next: 8%
Magic:  2/3        EV: 12    Int: 13    God:
Gold:   0          SH:  0    Dex: 11    Spells: 3/4 levels left

rFire    . . .     SeeInvis .     - Unarmed
rCold    . . .     Gourm    .   (no shield)
rNeg     . . .     Faith    .   (armour unavailable)
rPois    .         Spirit   .   (helmet restricted)
rElec    .         Reflect  .   (no cloak)
rCorr    .         Harm     .   (no gloves)
MR       .....                  (boots currently unavailable)
Stlth    +.........             (no amulet)
HPRegen  0.05/turn              (no ring)
MPRegen  0.08/turn              (no ring)

@: appendage (expiring)
A: unfitting armour, talons 3, cold-blooded, AC +4
a: End Transformation


You were on level 1 of the Dungeon.
You were not hungry.
You had grown temporary talons.
You visited 1 branch of the dungeon, and saw 1 of its levels.

Inventory:

Missiles
 a - 12 arrows
Scrolls
 b - a scroll of identify {unknown}
Potions
 c - a potion of agility {unknown}
Comestibles
 e - a ration {!d}


   Skills:
 - Level 1.1 Fighting
 - Level 1.7 Dodging
 + Level 3.0 Unarmed Combat
 - Level 2.0 Spellcasting
 - Level 2.0 Transmutations


You had 3 spell levels left.
You knew the following spells:

 Your Spells              Type           Power        Failure   Level  Hunger
a - Beastly Appendage     Tmut           #.....       11%         1    ##.....

Your spell library contained the following spells:

 Spells                   Type           Power        Failure   Level  Hunger
 Sticks to Snakes         Tmut           #.......     17%         2    ###....
 Spider Form              Tmut/Pois      #.........   45%         3    ####...
 Ice Form                 Ice/Tmut       #.......     86%         4    #####..
 Blade Hands              Tmut           #.........   97%         5    ######.


Dungeon Overview and Level Annotations

Branches:
Dungeon (1/15)

Altars:


Innate Abilities, Weirdness & Mutations

Your plain brown scales are hard. (AC +4)
You cannot fit into any form of body armour.
You are cold-blooded and may be slowed by cold attacks.
You have claws for feet.


Message History

e - a ration Welcome, Norn the Draconian Transmuter.
Will you be the one to retrieve the fabulous Orb of Zot from the depths?
Found a scroll labeled ZIELAB KOLAOD.
Found a staircase leading out of the dungeon.
You enter the shallow water.
Moving in this stuff is going to be slow.
b - a scroll labeled ZIELAB KOLAOD
Found a robe.
Found a sedimented puce potion.
A rat comes into view.
Your feet morph into talons.
The rat bites you.
You hit the rat. The rat misses you.
You hit the rat.
You kill the rat!
No target in view!
Your transformation is almost over.
c - a sedimented puce potion Your talons disappear.
A gnoll comes into view. It is wielding a +0 spear.
The gnoll shouts!
Found a stone staircase leading down.
Your feet morph into talons.
The gnoll barely misses you.
Your transformation is almost over.
The gnoll hits you but does no damage.
You hit the gnoll. Your kick misses the gnoll.
The gnoll hits you with a +0 spear!
You hit the gnoll but do no damage.
Your tail-slap misses the gnoll.
The gnoll barely misses you.
You barely miss the gnoll. You claw the gnoll, but do no damage.
The gnoll hits you but does no damage.
Unknown command.
You hit the gnoll. The gnoll hits you with a +0 spear!
Ouch! That really hurt!
* * * LOW HITPOINT WARNING * * *
The gnoll hits you from afar with a +0 spear.
You die...

#.........# #.........# #
## #.........#
####.....#.........#
.#.....#.#.........#
...≈..8#.######.####
..≈...##.# #g# ≈≈.....#.#
#.#########
≈≈≈≈.....######.@.......#
.≈≈≈≈≈...................
≈≈≈≈......#......######.#
≈≈.....##.#......#
..≈...###...†....#
...≈..8##........######.#
.#.....##............^..#
####....#...............#
# ###..#...............#


You could see a gnoll.

Vanquished Creatures
  A rat (D:1)
1 creature vanquished.

Notes
Turn   | Place    | Note
-------+----------+-------------------------------------------
     0 | D:1      | Norn the Draconian Transmuter began the quest for the Orb.
     0 | D:1      | Reached XP level 1. HP: 16/16 MP: 3/3
    50 | D:1      | Slain by a gnoll

Action                   || total
-------------------------++-------
Melee: Unarmed           ||     6
       Kick              ||     1
 Cast: Beastly Appendage ||     2
Armor: Skin              ||     2
Dodge: Dodged            ||     3
